 Dungeon Crawl Stone Soup version 0.31.0-4-g52a2dc7128 (webtiles) character file.

Game seed: 9320755253244241256

263 SnakkuSnakku7 the Trooper (level 6, 0/53 HPs)
             Began as a Merfolk Earth Elementalist on Jan 22, 2024.
             Was a Follower of Lugonu.
             Slain by an iguana (5 damage)
             ... on level 4 of the Dungeon.
             The game lasted 00:02:53 (2816 turns).

SnakkuSnakku7 the Trooper (MfEE)                    Turns: 2816, Time: 00:02:53

Health: 0/53       AC:  6    Str:  8    XL:     6   Next: 19%
Magic:  9/9        EV: 10    Int: 14    God:    Lugonu [*.....]
Gold:   160        SH:  0    Dex: 17    Spells: 8/9 levels left

rFire   . . .        a - +0 rapier
rCold   . . .        f - orb {*Rage}
rNeg    . . .        h - +0 ring mail
rPois   .            (no helmet)
rElec   .            n - +0 cloak
rCorr   .            (no gloves)
SInv    .            (no boots)
Will    .....        (no amulet)
Stlth   ++           (no ring)
HPRegen 0.28/turn    (no ring)
MPRegen 0.11/turn

%: random rage (20%)
@: on berserk cooldown, slowed, very slow
A: (nimble swimmer 2), mertail
a: Renounce Religion, Depart the Abyss


You were on level 4 of the Dungeon.
You worshipped Lugonu.
Lugonu was aware of your devotion.
You visited 1 branch of the dungeon, and saw 4 of its levels.

You collected 160 gold pieces.

Inventory:

Hand Weapons
 a - a +0 rapier (weapon)
 c - a +0 whip
 p - a +0 short sword
Armour
 f - an orb of wrath (worn)
 h - a +0 ring mail (worn)
 n - a +0 cloak (worn)
 s - a +0 robe
Scrolls
 d - 3 scrolls of teleportation {unknown}
 e - 2 scrolls of identify {unknown}
 g - 2 scrolls of enchant weapon {unknown}
 i - a scroll of vulnerability {unknown}
 j - 3 scrolls of acquirement {unknown}
 l - a scroll of fear {unknown}
 o - a scroll of enchant armour {unknown}
Potions
 b - a potion of magic
 k - 3 potions of ambrosia {unknown}
 m - a potion of berserk rage {unknown}
 q - a potion of attraction {unknown}
 r - a potion of might {unknown}


   Skills:
 + Level 6.4 Fighting
 - Level 2.6 Dodging
 - Level 2.1 Stealth
 - Level 2.0 Spellcasting
 - Level 0.7 Conjurations
 - Level 2.4 Earth Magic


You had 8 spell levels left.
You knew the following spells:

 Your Spells              Type           Power      Damage    Failure   Level
a - Sandblast             Erth           16%        2d6       28%         1

Your spell library contained the following spells:

 Spells                   Type           Power      Damage    Failure   Level
 Sting                    Conj/Alch      8%         1d3       54%         1
 Apportation              Tloc           2%         N/A       58%         1
 Necrotise                Necr           4%         1d4       58%         1
 Summon Small Mammal      Summ           4%         N/A       58%         1
 Passwall                 Erth           8%         N/A       63%         3
 Stone Arrow              Conj/Erth      10%        3d7       75%         3
 Vampiric Draining        Necr           1%         2d6       91%         3
 Brom's Barrelling Bould  Conj/Erth      5%         2d3       98%         4
 Petrify                  Alch/Erth      4%         N/A       99%         4
 Martyr's Knell           Necr/Summ      1%         N/A       100%        4
 Curse of Agony           Necr           1%         N/A       100%        5


Dungeon Overview and Level Annotations

Branches:
Dungeon (4/15)
 Temple: D:4-7

Altars:
Hepliaklqana
Qazlal
Trog
Vehumet
Lugonu

Annotations:
D:2 1 runed translucent door, Crazy Yiuf


Innate Abilities, Weirdness & Mutations

((You are very nimble when in or above water. (Stealth+, EV+, Speed+++)))
Your lower body shifts to a powerful aquatic tail in water.


Message History

The iguana is moderately wounded.
The iguana bites you!
You hit the iguana.
The iguana is moderately wounded.
The iguana bites you but does no damage.
The iguana bites you.
You barely miss the iguana.
The iguana is moderately wounded.
The giant cockroach bites you. The iguana bites you.
The giant cockroach closely misses you. The iguana bites you!
You are too injured to fight recklessly!
You are too injured to fight recklessly!
You are too injured to fight recklessly!
You are too injured to fight recklessly!
You hit the iguana.
The iguana is severely wounded.
The giant cockroach bites you but does no damage.
The iguana bites you! The giant cockroach barely misses you.
The iguana bites you but does no damage.
The giant cockroach bites you but does no damage.
You barely miss the iguana.
The iguana is severely wounded.
The giant cockroach closely misses you. The iguana bites you!
* * * LOW HITPOINT WARNING * * *
The giant cockroach barely misses you. The iguana barely misses you.
You hit the iguana.
The iguana is almost dead.
The giant cockroach bites you but does no damage.
The iguana barely misses you. The giant cockroach barely misses you.
You hit the iguana.
The iguana is almost dead.
The iguana barely misses you. The giant cockroach bites you.
* * * LOW HITPOINT WARNING * * *
The iguana bites you but does no damage.
The giant cockroach bites you.
* * * LOW HITPOINT WARNING * * *
You hit the iguana but do no damage.
The iguana is almost dead.
The giant cockroach barely misses you. The iguana bites you.
You die...

#............###
#............#
#..........).#
#............#
#............#
#.....########
#.....# #..(..#
#.@...# #.lB..#
#...:.....
#.........
#..........
#..........
#..........
#.........


You could see an iguana and a giant cockroach.

Vanquished Creatures
  A scorpion (D:4)
  A bombardier beetle (D:3)
  A hound (D:4)
  Natasha (twice) (D:3)
  6 adders
  3 dart slugs
  2 ribbon worms
  4 endoplasms
  3 giant cockroaches
  2 goblins
  A hobgoblin (D:1)
  8 kobolds
  A ball python (D:1)
  2 bats
  A frilled lizard (D:3)
  3 rats (D:2)
41 creatures vanquished.

Notes
Turn   | Place    | Note
-------+----------+-------------------------------------------
     0 | D:1      | SnakkuSnakku7 the Merfolk Earth Elementalist began the
                  | quest for the Orb.
     0 | D:1      | Reached XP level 1. HP: 13/13 MP: 3/3
    68 | D:1      | Found a faded altar of an unknown god.
    79 | D:1      | Prayed at the altar of an unknown god.
    79 | D:1      | Became a worshipper of Lugonu the Unformed
    79 | D:1      | Reached * piety under Lugonu
   133 | D:1      | Reached skill level 1 in Fighting
   217 | D:1      | Reached XP level 2. HP: 3/22 MP: 5/5
   343 | D:1      | Reached skill level 2 in Fighting
   955 | D:2      | Found a runed translucent door.
   956 | D:2      | Noticed Crazy Yiuf
  1021 | D:2      | Found a stormy altar of Qazlal.
  1035 | D:2      | Reached XP level 3. HP: 28/28 MP: 6/6
  1037 | D:2      | Reached skill level 3 in Fighting
  1181 | D:2      | Reached skill level 4 in Fighting
  1181 | D:2      | Reached XP level 4. HP: 37/37 MP: 7/7
  1636 | D:3      | Found a radiant altar of Vehumet.
  1949 | D:3      | Found a bloodstained altar of Trog.
  2287 | D:3      | Noticed Natasha
  2291 | D:3      | Killed Natasha
  2292 | D:3      | Reached skill level 5 in Fighting
  2292 | D:3      | Reached XP level 5. HP: 44/44 MP: 8/8
  2419 | D:3      | Noticed Natasha
  2433 | D:3      | Killed Natasha
  2660 | D:4      | Reached skill level 6 in Fighting
  2660 | D:4      | Reached XP level 6. HP: 53/53 MP: 9/9
  2708 | D:4      | Found a hazy altar of Hepliaklqana.
  2816 | D:4      | Slain by an iguana

Illustrated notes

Levels and vault maps discovered:
D:1:      matt_arrival_diagonals, layout_basic,
          hellmonk_ecumenical_altar_crossroads
D:2:      layout_loops_ring, basic_altar, uniq_crazy_yiuf_cottage
D:3:      layout_loops_ring, lemuel_tele_altar, old_standard_altar,
          kennysheep_big_empty_room, dreamdust_princess_corridor, uniq_natasha
D:4:      layout_gridville, mainiacjoe_overflow_24_doors

Skill      XL: |  1  2  3  4  5 |
---------------+----------------+-----
Fighting       | 1 2 4 5 6 |  6.4
Dodging        | |  2.6
Stealth        | |  2.1
Spellcasting   | |  2.0
Conjurations   | |  0.7
Earth Magic    | |  2.4

Action                     |  1- 3 |  4- 6 || total
---------------------------+-------+-------++-------
  Melee: Whip              |    97 |    36 ||   133
         Short sword       |       |    57 ||    57
         Rapier            |       |     8 ||     8
   Cast: Sandblast         |     2 |       ||     2
   Stab: Sleeping          |     4 |     3 ||     7
 Armour: Robe              |    19 |       ||    19
         Ring mail         |    32 |    71 ||   103
  Dodge: Dodged            |    63 |    48 ||   111
